 Dungeon Crawl Stone Soup version 0.28-a0-819-g6ef7baa362 (webtiles) character file.

Game seed: 4163394623596587042

44 bande the Skirmisher (level 3, 20/24 HPs)
             Began as a Gargoyle Fighter on Nov 9, 2021.
             Quit the game on level 2 of the Dungeon.
             The game lasted 00:01:57 (1378 turns).

bande the Skirmisher (Gargoyle Fighter)             Turns: 1378, Time: 00:01:58

Health: 20/24      AC: 10    Str: 20    XL:     3   Next: 62%
Magic:  3/3        EV:  9    Int:  8    God:
Gold:   65         SH:  4    Dex:  9    Spells: 2/2 levels left

rFire   . . .      SeeInvis .   a - +0 war axe
rCold   . . .      Faith    .   c - +0 buckler
rNeg    + . .      Spirit   .   b - +0 scale mail
rPois   ∞          Reflect  .   (no helmet)
rElec   +          Harm     .   (no cloak)
rCorr   .          Rampage  .   (no gloves)
Will    .....      Rnd*Tele +   (no boots)
Stlth   ..........              (no amulet)
HPRegen 0.08/turn               (no ring)
MPRegen 0.08/turn               (no ring)

@: no status effects
A: sickness immunity, AC +3, negative energy resistance 1, electricity
resistance, torment resistance 1, petrification resistance, teleportitis 1
a: no special abilities


You were on level 2 of the Dungeon.
You visited 1 branch of the dungeon, and saw 2 of its levels.

You collected 65 gold pieces.

Inventory:

Hand Weapons
 a - a +0 war axe (weapon)
Armour
 b - a +0 scale mail (worn)
 c - a +0 buckler (worn)
Jewellery
 i - a ring of see invisible
Scrolls
 e - a scroll of identify
 f - 2 scrolls of silence
Potions
 d - a potion of might
 h - a potion of curing


   Skills:
 + Level 3.7 Fighting
 + Level 2.4 Axes
 + Level 3.7 Armour
 + Level 3.6 Shields


You had 2 spell levels left.
You didn't know any spells.
Your spell library was empty.

Dungeon Overview and Level Annotations

Branches:
Dungeon (2/15)

Altars:


Innate Abilities, Weirdness & Mutations

You are immune to sickness and miasma.
Your stone body is resilient. (AC +3)
You are immune to poison.
You resist negative energy. (rN+)
You are resistant to electric shocks. (rElec)
You are resistant to unholy torment.
You are immune to petrification.
You are occasionally teleported next to monsters.


Message History

j - a fizzy blue potion No target in view!
No target in view!
Your hearing returns.
You now have 65 gold pieces (gained 10).
A ball python comes into view.
The ball python hisses angrily.
A ball python is nearby!
A kobold comes into view. It is wielding a +0 short sword.
Found 19 arrows.
The kobold shouts!
The kobold moves out of view.
You barely miss the ball python.
The ball python bites you but does no damage.
You block the ball python's attack.
The ball python bites you but does no damage.
The ball python barely misses you.
You closely miss the ball python. The ball python completely misses you.
The ball python grabs you. The ball python constricts you.
You slash the ball python!
You kill the ball python!
You closely miss the kobold. The kobold hits you but does no damage.
The kobold closely misses you.
You closely miss the kobold. The kobold closely misses you.
You slash the kobold!
You kill the kobold!
No target in view!
No target in view!
No target in view!
No target in view!
No target in view!
As you read the scroll of identify, it crumbles to dust.
j - a potion of mutation
As you read the scroll labelled SEUCUDOEVI, it crumbles to dust.
Your body is wracked with pain!
It was a scroll of torment.
Really quaff the potion of mutation?
You feel extremely strange.
You feel weirdly uncertain.
Unknown command.
Are you sure you want to abandon this character and quit the game? (Confirm with "yes".)

#.. .....# #...
.....# #... .....#
#... .....# # ..#
(.... #.# ...#
#.####)..##.# ####
#....@......#
..####..###...#..# #
#.##....# ...#
#######.##....####..#
....................#
#######.#......####.#
# #.#..#...# .#
#######.##.#...# .#
.................


There were no monsters in sight!

Vanquished Creatures
  An adder (D:2)
  A worm (D:2)
  2 ball pythons
  2 bats (D:1)
  3 endoplasms (D:1)
  2 giant cockroaches (D:1)
  3 goblins (D:1)
  3 hobgoblins (D:1)
  4 kobolds
  2 quokkas (D:1)
  A frilled lizard (D:1)
  6 rats
30 creatures vanquished.

Notes
Turn   | Place    | Note
-------+----------+-------------------------------------------
     0 | D:1      | bande the Gargoyle Fighter began the quest for the Orb.
     0 | D:1      | Reached XP level 1. HP: 14/14 MP: 1/1
    35 | D:1      | You fall into a shaft and drop 1 floor!
    45 | D:2      | Reached XP level 2. HP: 14/19 MP: 2/2
   404 | D:1      | Reached XP level 3. HP: 23/23 MP: 3/3
  1377 | D:2      | Gained mutation: You are occasionally teleported next to
                  | monsters. [potion of mutation]
  1378 | D:2      | Quit the game

Illustrated notes

Levels and vault maps discovered:
D:1:      heliophobic_arrival_glass_houses, layout_loops_ring,
          chequers_serial_rivers_marsh
D:2:      layout_basic, basic_altar, hangedman_abyss_or_decor_stabs,
          minmay_increasing_density, uniq_robin

Skill      XL: |  1  2 |
---------------+-------+-----
Axes           | 2 |  2.4
Fighting       | |  3.7
Armour         | |  3.7
Shields        | |  3.6

Action                   || total
-------------------------++-------
Melee: War axe           ||    89
  Use: Scroll            ||     4
       Potion            ||     1
Armor: Scale mail        ||    47
Dodge: Dodged            ||    42
Block: Buckler           ||    17

Table legend: (Time is in decaauts)
 A = Elapsed time spent in this place.
 B = Non-inter-level travel time spent in this place.
 C = Inter-level travel time spent in this place.
 D = Time resting spent in this place.
 E = Time spent auto-exploring this place.
 F = Levels seen in this place.
 G = Mean time per level.
                   A        B        C        D        E       F      G
               +--------+--------+--------+--------+--------+-----+--------+
         Total |   1415 |   1415 |      0 |    349 |    809 |   2 |  707.5 |
       Dungeon |   1415 |   1415 |      0 |    349 |    809 |   2 |  707.5 |
               +--------+--------+--------+--------+--------+-----+--------+

Top non-repeatable levels by time:
     D:1: 909 daAuts
     D:2: 506 daAuts
